 Dungeon Crawl Stone Soup version 0.28-a0-1629-gf728b707aa (webtiles) character file.

Game seed: 7756693823181503588

272 frimble the Cutter (level 6, -3/44 HPs)
             Began as a Demonspawn Warper on Jan 25, 2022.
             Slain by Duvessa (6 damage)
             ... on level 4 of the Dungeon.
             The game lasted 00:11:20 (5396 turns).

frimble the Cutter (Demonspawn Warper)              Turns: 5396, Time: 00:11:21

Health: -3/44      AC:  4    Str: 11    XL:     6   Next: 2%
Magic:  7/9        EV: 11    Int: 16    God:
Gold:   93         SH:  0    Dex: 13    Spells: 4/9 levels left

rFire   + . .      SeeInvis .   d - +2 dagger (venom)
rCold   . . .      Faith    .   (no shield)
rNeg    . . .      Spirit   .   b - +1 leather armour
rPois   .          Reflect  .   (helmet restricted)
rElec   .          Harm     .   (no cloak)
rCorr   .          Rampage  .   (no gloves)
Will    .....                   (no boots)
Stlth   +.........              (no amulet)
HPRegen 0.14/turn               e - ring of protection from fire
MPRegen 0.11/turn               (no ring)

@: on blink cooldown
A: antennae 1, powered by death 2
a: no special abilities


You were on level 4 of the Dungeon.
You visited 1 branch of the dungeon, and saw 5 of its levels.

You collected 177 gold pieces.
You spent 84 gold pieces at shops.

Inventory:

Hand Weapons
 a - a +1 short sword
 d - a +2 dagger of venom (weapon)
Missiles
 r - an atropa-tipped dart (quivered)
Armour
 b - a +1 leather armour (worn)
Jewellery
 e - a ring of protection from fire (left hand)
 l - a ring of fire
Scrolls
 j - 2 scrolls of immolation
 n - 2 scrolls of teleportation
 o - a scroll of magic mapping
 p - a scroll of fear
Potions
 i - a potion of curing
 k - a potion of degeneration {unknown}
 m - a potion of mutation {unknown}
 q - a potion of lignification {unknown}


   Skills:
 - Level 2.1 Fighting
 + Level 4.5 Short Blades
 - Level 1.0 Throwing
 - Level 1.1 Armour
 + Level 1.9 Dodging
 - Level 2.1 Spellcasting
 - Level 4.0 Translocations


You had 4 spell levels left.
You knew the following spells:

 Your Spells              Type           Power      Damage    Failure   Level
a - Blink                 Tloc           28%        N/A       8%          2
b - Gell's Gravitas       Tloc           14%        N/A       16%         3

Your spell library contained the following spells:

 Spells                   Type           Power      Damage    Failure   Level
 Lesser Beckoning         Tloc           14%        N/A       16%         3
 Teleport Other           Tloc           14%        N/A       16%         3
 Olgreb's Toxic Radiance  Pois           1%         N/A       95%         4
 Manifold Assault         Tloc           14%        N/A       80%         5
 Ozocubu's Refrigeration  Ice            0%         4d5       100%        7
 Ignition                 Fire           0%         3d3       100%        8


Dungeon Overview and Level Annotations

Branches:
Dungeon (5/15)
 Temple: D:4-7

Altars:
Fedhas
Xom
The Shining One

Shops:
D:2 ?

Annotations:
D:2 Terence
D:3 3 runed translucent doors, Sweetruy1997's ghost, amateur GrIE
D:4 Dowan; Duvessa


Innate Abilities, Weirdness & Mutations

You have a pair of small antennae on your head.
You regenerate health from kills.


Message History

You are poisoned.
The killer bee poisons you! The killer bee barely misses you.
There is a stone staircase leading up, spattered with blood here.
You feel very sick. The killer bee closely misses you.
The killer bee stings you!
You are more poisoned.
The killer bee poisons you!
You climb upwards.
Level annotation: Dowan; Duvessa You feel very sick.
There is a stone staircase leading down, spattered with blood here.
You miss the killer bee.
You feel sick.
The killer bee stings you but does no damage.
The killer bee closely misses you.
You hit the killer bee.
The killer bee is lightly wounded.
You feel sick. The killer bee barely misses you.
You miss the killer bee.
The killer bee is lightly wounded.
You feel sick.
The killer bee stings you but does no damage.
The killer bee stings you.
You are more poisoned.
The killer bee poisons you!
You miss the killer bee.
The killer bee is lightly wounded.
* * * LOW HITPOINT WARNING * * *
You feel sick. The killer bee closely misses you. The killer bee stings you.
* * * LOW HITPOINT WARNING * * *
Casting: Blink (safe; 8% risk of failure)
Confirm with . or Enter, or press ? or * to list all spells.
You blink.
* * * LOW HITPOINT WARNING * * *
You feel very sick.
You feel better.
The killer bee stings you but does no damage.
The killer bee stings you!
* * * LOW HITPOINT WARNING * * *
Duvessa hits you with a +0 short sword.
You die...

#...# ♣♣♣♣♣...♣♣♣♣♣ #....# ##.
....# ♣♣...♣♣ #..e.## ##...
....#♣♣♣♣♣.....♣
♣♣♣#.....###...#
.............###
#..........<...# .............##
##.............##
.....(........###.............##
.......................)......#
########.........y.......).)..#
###......@e§...........#
#......#......###....##
#....########## ##....# #...##
#...## #...# ##..# #..## #..#
#..# #..# #..# #..# # #..## #).#


You could see Duvessa, Dowan and a killer bee.

Vanquished Creatures
  A centaur (D:3)
  An iguana (D:4)
  A hound skeleton (D:4)
  2 gnolls (D:4)
  4 adders
  A white imp (D:4)
  2 worms
  A dart slug (D:2)
  6 ball pythons
  4 bats
  8 endoplasms
  3 giant cockroaches
  4 goblins
  8 hobgoblins
  2 quokkas
  7 frilled lizards
  4 kobolds
  A quokka skeleton (D:4)
  3 rats
63 creatures vanquished.

Vanquished Creatures (collateral kills)
  2 gnolls (D:4)
  An adder skeleton (D:4)
3 creatures vanquished.

Vanquished Creatures (others)
  A plant (D:3)
1 creature vanquished.

Grand Total: 67 creatures vanquished

Notes
Turn   | Place    | Note
-------+----------+-------------------------------------------
     0 | D:1      | frimble the Demonspawn Warper began the quest for the Orb.
     0 | D:1      | Reached XP level 1. HP: 16/16 MP: 3/3
   185 | D:1      | Reached skill level 1 in Throwing
   185 | D:1      | Reached skill level 1 in Armour
   195 | D:1      | Gained mutation: You regenerate a little health from kills.
                  | [demonic ancestry]
   195 | D:1      | Reached XP level 2. HP: 7/22 MP: 5/5
   198 | D:1      | HP: 1/22 [rat (2)]
  1246 | D:2      | Noticed Terence
  1450 | D:2      | Found a faded altar of an unknown god.
  1584 | D:2      | Gained mutation: You have a pair of small antennae on your
                  | head. [demonic ancestry]
  1584 | D:2      | Reached XP level 3. HP: 16/27 MP: 6/6
  1587 | D:2      | Learned a level 2 spell: Blink
  2099 | D:3      | Found a runed translucent gate.
  2100 | D:3      | Found a runed translucent gate.
  2100 | D:3      | Found a runed translucent gate.
  2143 | D:3      | Noticed Sweetruy1997's ghost (amateur GrIE)
  2144 | D:3      | Noticed a scorpion
  2622 | D:3      | Learned a level 3 spell: Gell's Gravitas
  2689 | D:3      | Gained mutation: You regenerate health from kills. [demonic
                  | ancestry]
  2689 | D:3      | Reached XP level 4. HP: 28/33 MP: 7/7
  3136 | D:2      | Found Ivac Gol's Magic Scroll Shop.
  3145 | D:2      | Bought a scroll of teleportation for 39 gold pieces
  3145 | D:2      | Bought a scroll of magic mapping for 45 gold pieces
  3155 | D:2      | Noticed an ogre
  3601 | D:5      | Entered Level 5 of the Dungeon
  3669 | D:4      | Reached XP level 5. HP: 38/38 MP: 8/8
  3784 | D:4      | Found a blossoming altar of Fedhas.
  3850 | D:4      | Noticed a black bear
  3921 | D:4      | Found a shimmering altar of Xom.
  4328 | D:4      | Noticed an angel
  4408 | D:4      | Noticed Duvessa
  4416 | D:4      | Noticed Dowan
  4418 | D:4      | Noticed a centaur
  5257 | D:3      | Killed a centaur
  5258 | D:3      | Reached XP level 6. HP: 22/44 MP: 9/9
  5396 | D:4      | Slain by Duvessa

Illustrated notes

Levels and vault maps discovered:
D:1:      lightli_arrival_maybe_door_vault, layout_basic,
          chequers_serial_rivers_small_b, nicolae_figureground_sparkle
D:2:      layout_loops_ring, chequers_ecumenical_altar_simple, serial_shops,
          shop, uniq_terence, uniq_jessica
D:3:      layout_loops_ring, tso_oasis_becter, gammafunk_ghost_split,
          chequers_serial_rivers_micro_b
D:4:      layout_layer_cave, grunt_temple_overflow_order_and_chaos_1,
          fedhas_altar_fruit_tree, minmay_fire_ice_demons, uniq_duvessa
D:5:      layout_cave_pools, minmay_temple_entry_statues_pillars,
          dk_noncrumbling_3

Skill      XL: |  1  2  3  4  5 |
---------------+----------------+-----
Throwing       | 1 |  1.0
Armour         | 1 |  1.1
Short Blades   | 2 3 4 |  4.5
Translocations | 3 4 |  4.0
Fighting       | |  2.1
Dodging        | |  1.9
Spellcasting   | |  2.1

Action                   |  1- 3 |  4- 6 || total
-------------------------+-------+-------++-------
Melee: Short sword       |   166 |    97 ||   263
       Punch             |     2 |       ||     2
       Dagger            |       |    23 ||    23
Throw: Boomerang         |     4 |     1 ||     5
       Dart              |       |     5 ||     5
 Cast: Blink             |       |     5 ||     5
  Use: Scroll            |     5 |     4 ||     9
       Potion            |       |     5 ||     5
 Stab: Sleeping          |     1 |       ||     1
       Invisible         |       |     1 ||     1
Armor: Leather armour    |    66 |    58 ||   124
Dodge: Dodged            |    93 |    95 ||   188

Table legend: (Time is in decaauts)
 A = Elapsed time spent in this place.
 B = Non-inter-level travel time spent in this place.
 C = Inter-level travel time spent in this place.
 D = Time resting spent in this place.
 E = Time spent auto-exploring this place.
 F = Levels seen in this place.
 G = Mean time per level.
                   A        B        C        D        E       F      G
               +--------+--------+--------+--------+--------+-----+--------+
         Total |   5403 |   5105 |    298 |   1118 |   2797 |   5 | 1080.6 |
       Dungeon |   5403 |   5105 |    298 |   1118 |   2797 |   5 | 1080.6 |
               +--------+--------+--------+--------+--------+-----+--------+

Top non-repeatable levels by time:
     D:3: 2298 daAuts
     D:1: 1308 daAuts
     D:4: 1003 daAuts
     D:2: 788 daAuts
     D:5: 4 daAuts
